 Dungeon Crawl Stone Soup version 0.29.1-15-g9cfb28693d (webtiles) character file.

Game seed: 1142297331069599051

5786 Sixfetunder499 the Cleaver (level 10, -14/91 HPs)
             Began as a Hill Orc Fighter on Apr 20, 2023.
             Demolished by a two-headed ogre
             ... wielding a +0 giant club
              (20 damage)
             ... on level 10 of the Dungeon.
             The game lasted 02:17:04 (10635 turns).

Sixfetunder499 the Cleaver (Hill Orc Fighter)      Turns: 10635, Time: 02:17:05

Health: -14/91     AC: 19    Str: 20    XL:     10   Next: 79%
Magic:  10/10      EV: 10    Int:  8    God:
Gold:   387        SH:  6    Dex: 20    Spells: 8/9 levels left

rFire   . . .      SeeInvis .   a - +0 war axe (elec)
rCold   . . .      Faith    .   c - +0 buckler
rNeg    . . .      Spirit   .   D - +1 plate armour
rPois   .          Reflect  .   E - +1 helmet
rElec   .          Harm     .   (no cloak)
rCorr   .          Rampage  .   (no gloves)
Will    .....                   (no boots)
Stlth   ..........              X - amulet of regeneration
HPRegen 1.05/turn               N - +4 ring of evasion
MPRegen 0.12/turn               A - +6 ring of dexterity

@: no status effects
A: iridescent scales 1
a: no special abilities


You were on level 10 of the Dungeon.
You visited 2 branches of the dungeon, and saw 11 of its levels.

You collected 387 gold pieces.

Inventory:

Hand Weapons
 a - a +0 war axe of electrocution (weapon)
 g - a +1 broad axe of flaming
 j - a +1 sling
 m - a +0 long sword
 o - a +0 morningstar
 p - a +0 shortbow
 q - a +0 short sword
 v - a +1 trident of venom
 w - a +0 dagger
 x - a +0 short sword
 B - a +0 flail
 C - a +0 short sword
 F - a +0 hand axe
 K - a +0 falchion
 R - a +1 dagger of pain
 S - a +0 war axe
 Z - a +0 whip
Missiles
 h - 57 stones (quivered)
 G - 2 boomerangs
 M - 4 large rocks
 O - 13 poisoned darts
Armour
 b - a +0 scale mail
 c - a +0 buckler (worn)
 d - a +0 scale mail
 i - +0 steam dragon scales
 r - a +0 chain mail
 s - a +0 hat
 u - a +0 robe
 y - a +0 leather armour
 D - a +1 plate armour (worn)
 E - a +1 helmet (worn)
 H - a +0 leather armour
 L - a +0 helmet
 Q - a +2 ring mail of willpower
 U - +0 acid dragon scales
 W - a +0 ring mail
Jewellery
 A - a +6 ring of dexterity (right hand)
 N - a +4 ring of evasion (left hand)
 P - a ring of magical power
 X - an amulet of regeneration (around neck)
Scrolls
 f - a scroll of brand weapon
 k - a scroll of butterflies
 z - a scroll of immolation
 I - 3 scrolls of identify
 T - a scroll of blinking
Potions
 e - a potion of flight
 l - a potion of lignification
 n - 5 potions of curing
 t - a potion of cancellation
 V - 2 potions of attraction
 Y - a potion of degeneration


   Skills:
 + Level 9.1 Fighting
 + Level 13.8 Axes
 + Level 9.3 Armour
 + Level 0.7 Dodging
 + Level 0.8 Stealth
 + Level 6.3 Shields
 + Level 0.7 Unarmed Combat


You had 8 spell levels left.
You knew the following spells:

 Your Spells              Type           Power      Damage    Failure   Level
a - Beastly Appendage     Tmut           0%         N/A       100%        1

Your spell library contained the following spells:

 Spells                   Type           Power      Damage    Failure   Level
 Apportation              Tloc           0%         N/A       100%        1
 Wereblood                Tmut           0%         N/A       100%        2
 Spider Form              Tmut/Pois      0%         N/A       100%        3
 Animate Dead             Necr           0%         N/A       100%        4
 Cause Fear               Hex            0%         N/A       100%        4
 Alistair's Intoxication  Tmut/Pois      0%         N/A       100%        5
 Borgnjor's Vile Clutch   Necr/Erth      0%         N/A       100%        5
 Death Channel            Necr           0%         N/A       100%        6
 Eringya's Noxious Bog    Tmut/Pois      0%         N/A       100%        6
 Summon Cactus Giant      Summ           0%         N/A       100%        6
 Dragon Form              Tmut           0%         N/A       100%        7
 Spellforged Servitor     Conj/Summ      0%         N/A       100%        7
 Dragon's Call            Summ           0%         N/A       100%        9


Dungeon Overview and Level Annotations

Branches:
Dungeon (10/15)            Temple (1/1) D:5            Lair (0/5) D:10
    Orc: D:9-12

Altars:
Ashenzari
Cheibriados
Dithmenos
Elyvilon
Fedhas
Gozag
Hepliaklqana
Kikubaaqudgha
Makhleb
Nemelex Xobeh
Okawaru
Qazlal
Ru
Sif Muna
Trog
Uskayaw
Xom
Yredelemnul
Zin
The Shining One

Shops:
D:3 *

Annotations:
D:5 2 transporters, Henri's ghost, novice OpVM; Pikel
D:6 3 runed translucent doors, EarthwalkerPL's ghost, novice MiFi; Heoruswealwe's ghost, novice DEEE
D:7 2 transporters, LaMa's ghost, novice TrFi
D:8 2 transporters, engelados's ghost, amateur MiFi
D:10 Erolcha
Temple 2 transporters


Innate Abilities, Weirdness & Mutations

You are partially covered in iridescent scales. (AC +2)


Message History

You hit the two-headed ogre. Something hits you!
* * * LOW HITPOINT WARNING * * *
The wraith barely misses you.
You hit the wraith but do no damage. You slash something!
You hit the two-headed ogre. The wraith hits you but does no damage.
The two-headed ogre barely misses you.
The two-headed ogre hits you with a +0 great mace.
* * * LOW HITPOINT WARNING * * *
Something hits you.
* * * LOW HITPOINT WARNING * * *
Blink to where?
Press: ? - help, Dir - move target
Okay, then.
Blink to where?
Press: ? - help, Dir - move target
Okay, then.
Blink to where?
Press: ? - help, Dir - move target
Okay, then.
The wraith misses you.
You climb upwards.
The troll shouts!
Reactivating autopickup.
There is a stone staircase leading down here.
You can't go up here!
The two-headed ogre closely misses you.
The two-headed ogre hits you but does no damage.
Something hits you!
* * * LOW HITPOINT WARNING * * *
Deactivating autopickup; reactivate with Ctrl-A.
You block the wraith's attack.
You climb downwards.
Level annotation: Erolcha Reactivating autopickup.
There is a stone staircase leading up, spattered with blood here.
You hit the two-headed ogre but do no damage.
The two-headed ogre is moderately wounded.
You hit the wraith. You barely miss something.
The two-headed ogre hits you with a +0 giant club!!
You die...

#...............
#####'####...##.
#...# #### ###.#
#.# #######'###
#.........#
#......OW.#
#.....{@..#
#.........+
#.........#
#.........#
#.........#
###########


You could see a two-headed ogre and a wraith.

Vanquished Creatures
  A boulder beetle (D:8)
  Maggie (D:8)
  A komodo dragon (D:10)
  A wraith (D:9)
  10 yaks
  2 acid dragons
  4 water moccasins
  A sky beast (D:6)
  An ice beast (D:7)
  3 black bears
  2 orc warriors (D:8)
  A hornet zombie (D:7)
  2 centaurs
  2 lemures
  A phantom (D:5)
  A kobold brigand (D:6)
  3 bullfrogs
  2 scorpions
  A gnoll sergeant (D:8)
  A necrophage (D:6)
  2 wights (D:7)
  9 killer bees (D:9)
  A centaur zombie (D:7)
  2 hounds (D:5)
  2 orc priests
  2 iguanas
  An orc wizard (D:6)
  7 adders
  12 gnolls
  A shadow imp (D:5)
  A white imp (D:6)
  An ufetubus (D:5)
  A worm (D:2)
  5 dart slugs
  24 orcs
  2 ball pythons
  4 bats
  3 endoplasms
  3 giant cockroaches
  4 goblins
  8 hobgoblins
  A jackal (D:1)
  20 kobolds
  A quokka (D:3)
  4 frilled lizards
  4 rats
166 creatures vanquished.

Vanquished Creatures (others)
  21 fungi (D:10)
  19 plants (D:10)
40 creatures vanquished.

Grand Total: 206 creatures vanquished

Notes
Turn   | Place    | Note
-------+----------+-------------------------------------------
     0 | D:1      | Sixfetunder499 the Hill Orc Fighter began the quest for the
                  | Orb.
     0 | D:1      | Reached XP level 1. HP: 19/19 MP: 1/1
   118 | D:1      | Reached XP level 2. HP: 27/27 MP: 2/2
   582 | D:1      | Learned a level 1 spell: Beastly Appendage
   835 | D:1      | Reached XP level 3. HP: 33/33 MP: 3/3
   839 | D:1      | Reached skill level 3 in Axes
  1330 | D:2      | Reached XP level 4. HP: 31/40 MP: 4/4
  2062 | D:2      | Reached skill level 4 in Axes
  2831 | D:3      | Found Qatarghoz's Assorted Antiques.
  2930 | D:3      | Found an ancient bone altar of Kikubaaqudgha.
  2935 | D:3      | Found a hide-covered altar of Uskayaw.
  2953 | D:3      | Reached XP level 5. HP: 46/46 MP: 5/5
  3294 | D:3      | Reached skill level 5 in Axes
  3470 | D:4      | Reached skill level 5 in Fighting
  3470 | D:4      | Reached XP level 6. HP: 48/56 MP: 6/6
  3896 | D:5      | Entered Level 5 of the Dungeon
  3911 | D:5      | Reached skill level 6 in Axes
  4060 | D:5      | Found a staircase to the Ecumenical Temple.
  4077 | Temple   | Entered the Ecumenical Temple
  4077 | Temple   | Found a transporter.
  4077 | Temple   | Found a transporter.
  4079 | Temple   | Found a transporter.
  4079 | Temple   | Found a transporter.
  4239 | D:5      | Found a transporter.
  4239 | D:5      | Noticed Henri's ghost (novice OpVM)
  4282 | D:5      | Found a transporter.
  4348 | D:5      | Reached skill level 5 in Armour
  4359 | D:5      | Reached XP level 7. HP: 57/61 MP: 7/7
  4803 | D:5      | Noticed Pikel
  4836 | D:3      | Gained mutation: You sometimes lose your temper in combat.
                  | [potion of mutation]
  4836 | D:3      | Lost mutation: You sometimes lose your temper in combat.
                  | [potion of mutation]
  4836 | D:3      | Gained mutation: You are partially covered in iridescent
                  | scales. (AC +2) [potion of mutation]
  5089 | D:6      | Reached skill level 7 in Axes
  5093 | D:6      | Found a runed translucent gate.
  5094 | D:6      | Found a runed translucent gate.
  5097 | D:6      | Found a runed translucent gate.
  5098 | D:6      | Noticed Heoruswealwe's ghost (novice DEEE)
  5099 | D:6      | Noticed EarthwalkerPL's ghost (novice MiFi)
  5254 | D:6      | Noticed a cyclops
  5928 | D:6      | Reached skill level 8 in Axes
  6044 | D:6      | Reached XP level 8. HP: 44/70 MP: 8/8
  6407 | D:6      | Noticed a yak
  6422 | D:6      | Killed a yak
  6423 | D:6      | Reached skill level 9 in Axes
  6722 | D:6      | Got Paqit's Omnibus of the Metamorphic Entourage
  6758 | D:6      | Found a blossoming altar of Fedhas.
  7444 | D:7      | Reached skill level 5 in Shields
  7591 | D:7      | Found a transporter.
  7591 | D:7      | Noticed a moth of wrath
  7591 | D:7      | Noticed a yak
  7591 | D:7      | Noticed LaMa's ghost (novice TrFi)
  7592 | D:7      | Noticed a hornet
  7609 | D:7      | Found a transporter.
  7637 | D:7      | Reached skill level 10 in Axes
  7854 | D:8      | Reached XP level 9. HP: 76/78 MP: 9/9
  7865 | D:8      | Noticed a moth of wrath
  8282 | D:8      | Reached skill level 11 in Axes
  8689 | D:8      | Reached skill level 12 in Axes
  8903 | D:8      | Found a transporter.
  8917 | D:8      | Found a transporter.
  8918 | D:8      | Noticed engelados's ghost (amateur MiFi)
  8930 | D:8      | Noticed a two-headed ogre
  8935 | D:8      | Found a bloodstained altar of Trog.
  8999 | D:8      | Found a broken altar of Ashenzari.
  9124 | D:8      | Reached XP level 10. HP: 88/88 MP: 10/10
  9134 | D:8      | Noticed Maggie
  9152 | D:8      | Killed Maggie
  9255 | D:8      | Found a hazy altar of Hepliaklqana.
  9633 | D:9      | Noticed a boulder beetle
  9657 | D:8      | Killed a boulder beetle
  9658 | D:8      | Reached skill level 13 in Axes
 10262 | D:9      | Noticed a two-headed ogre
 10285 | D:10     | Entered Level 10 of the Dungeon
 10318 | D:10     | Found a staircase to the Lair.
 10568 | D:10     | Noticed Erolcha
 10633 | D:9      | HP: 4/91 [something (17)]
 10635 | D:10     | Demolished by a two-headed ogre

Illustrated notes

Levels and vault maps discovered:
D:1:      dpeg_arrival_three_same_balls, layout_loops_cross,
          kennysheep_flooded_box, chequers_big_river, kennysheep_doodads,
          minmay_tetromino_s4
D:2:      layout_basic, serial_rivers, chequers_serial_rivers_large_a,
          chequers_serial_rivers_small_b, chequers_serial_rivers_micro_a,
          chequers_serial_rivers_room_a
D:3:      layout_loops_ring, nicolae_overflow_hidden_temple, serial_shops, shop
D:4:      layout_basic
D:5:      layout_gridville, temple_fountains, gammafunk_ghost_arena, uniq_pikel
D:6:      minmay_opposing_rooms, layout_loops_ring,
          nicolae_overflow_crystal_walls, gammafunk_ghost_cemetery
D:7:      layout_basic, gammafunk_ghost_berserking_beasts, serial_undead,
          serial_undead_c, serial_undead_c, serial_undead_f, serial_undead_a
D:8:      layout_loops_ring, ashenzari_conservatory_becter, lemuel_round_altar,
          gammafunk_ghost_wrathful_warriors, uniq_maggie
D:9:      layout_basic
D:10:     layout_roguey, vehumet_crystals, nicolae_wu_jian_immortal_techniques,
          due_lair_maze_entry_diamond, serial_bayou_pond_d,
          nicolae_hexahallways, onia_ninara_cookie, uniq_psyche, uniq_lodul,
          uniq_erolcha
Temple:   hellmonk_temple_divided_pantheon

Skill      XL: |  1  2  3  4  5  6  7  8  9 10 |
---------------+-------------------------------+-----
Fighting       | 4 5 6 7 9 |  9.1
Axes           | 3 4 5 6 8 10 12 13 | 13.8
Armour         | 4 5 6 8 9 |  9.3
Shields        | 4 5 6 |  6.3
Dodging        | |  0.7
Stealth        | |  0.8
Unarmed Combat | |  0.7

Action                   |  1- 3 |  4- 6 |  7- 9 | 10-12 || total
-------------------------+-------+-------+-------+-------++-------
Melee: War axe           |    58 |   138 |   258 |    90 ||   544
       Unarmed           |       |       |    10 |       ||    10
  Use: Potion            |     5 |     5 |     4 |     3 ||    17
       Scroll            |     5 |     2 |       |     6 ||    13
 Stab: Confused          |       |       |     1 |       ||     1
Armor: Scale mail        |     9 |       |       |       ||     9
       Chain mail        |    17 |       |       |       ||    17
       Plate armour      |       |    89 |   130 |    51 ||   270
       Skin              |       |       |     1 |       ||     1
Dodge: Dodged            |    26 |    41 |    85 |    45 ||   197
Block: Buckler           |    12 |    16 |    50 |    36 ||   114
